 Dungeon Crawl Stone Soup version 0.23-a0-767-gdc19b93 (webtiles) character file.

97916 ohad the Fencer (level 15, -1/112 HPs)
             Began as a Demonspawn Gladiator on Jan 18, 2019.
             Was the Champion of Okawaru.
             Slain by Agnes
             ... wielding a +0 lajatang of speed
              (15 damage)
             ... on level 2 of the Spider Nest on Jan 19, 2019.
             The game lasted 01:34:37 (28396 turns).

ohad the Fencer (Demonspawn Gladiator)             Turns: 28396, Time: 01:34:39

Health: -1/112     AC: 33    Str: 27    XL:     15   Next: 73%
Magic:  0/20       EV: 20    Int:  7    God:    Okawaru [******]
Gold:   2008       SH:  0    Dex: 23    Spells: 21/21 levels left

rFire    . . .     SeeInvis .   m - +6 triple sword of Archud {freeze, rC+ Int-2 Dex+5}
rCold    + . .     Gourm    +   (shield currently unavailable)
rNeg     . . .     Faith    .   j - +7 chain mail of the Hanged Man {Str+5 Slay+2}
rPois    +         Spirit   +   (helmet restricted)
rElec    .         Reflect  .   X - +0 cloak
rCorr    .         Harm     .   q - +2 pair of gloves {archery}
MR       +....                  H - +0 pair of boots "Fanun" {+Inv rPois Str+4}
Stlth    ..........             p - amulet of the gourmand
HPRegen  0.28/turn              W - +5 ring of protection
MPRegen  0.34/turn              V - +3 ring of slaying

@: heroism
A: antennae 2, slimy green scales 1, demonic guardian 2, magic shield, magic
regeneration
a: Heroism, Finesse, Renounce Religion, Evoke Invisibility


You were on level 2 of the Spider Nest.
You worshipped Okawaru.
Okawaru was exalted by your worship.
You were very full.

You visited 4 branches of the dungeon, and saw 25 of its levels.

You collected 2226 gold pieces.
You spent 218 gold pieces at shops.

Inventory:

Hand Weapons
 m - the +6 triple sword of Archud (weapon) {freeze, rC+ Int-2 Dex+5}
   (Okawaru gifted it to you on level 4 of the Lair of Beasts)

   It has been specially enchanted to freeze those struck by it, causing extra
   injury to most foes and up to half again as much damage against particularly
   susceptible opponents.
   It can also slow down cold-blooded creatures.
   It affects your intelligence (-2).
   It affects your dexterity (+5).
   It protects you from cold.
 D - a +1 double sword of protection
 R - a +2 scimitar of flaming
Missiles
 A - 13 javelins (quivered)
 E - 8 javelins of returning
 Z - 5 poisoned javelins
Armour
 e - the +10 plate armour "Sajatz" {Str+5 Slay-2}
   (Okawaru gifted it to you on level 6 of the Lair of Beasts)

   It affects your strength (+5).
   It affects your accuracy and damage with ranged weapons and melee attacks
   (-2).
 j - the +7 chain mail of the Hanged Man (worn) {Str+5 Slay+2}
   (You bought it in a shop on level 2 of the Orcish Mines)

   It affects your strength (+5).
   It affects your accuracy and damage with ranged weapons and melee attacks
   (+2).
 q - a +2 pair of gloves of archery (worn)
 z - a +3 plate armour of cold resistance
 H - the +0 pair of boots "Fanun" (worn) {+Inv rPois Str+4}
   (Okawaru gifted it to you on level 5 of the Lair of Beasts)

   It affects your strength (+4).
   It protects you from poison.
   It lets you turn invisible.
 I - the +0 pair of gloves of Siradur {Stlth+}
   (You found it on level 5 of the Lair of Beasts)

   It makes you more stealthy.
 T - a +1 leather armour of fire resistance
 X - a +0 cloak (worn)
Jewellery
 d - an uncursed ring of see invisible
 p - an amulet of the gourmand (around neck)
 t - an uncursed ring of resist corrosion
 G - the ring of Xom's Ringing Laughter {*Corrode MP+9 Slay+3 Stlth+}
   (You found it on level 6 of the Dungeon)

   [ring of stealth]

   It affects your accuracy and damage with ranged weapons and melee attacks
   (+3).
   It affects your magic capacity (+9).
   It may corrode you when you take damage.
   It makes you more stealthy.
 N - an uncursed ring of ice
 V - a +3 ring of slaying (right hand)
 W - a +5 ring of protection (left hand)
Wands
 a - a wand of iceblast (17)
 P - a wand of digging (13)
 Y - a wand of disintegration (16)
Scrolls
 b - a scroll of silence
 g - 6 scrolls of fear
 o - 6 scrolls of magic mapping
 s - 6 scrolls of remove curse
 C - 2 scrolls of fog
 F - 4 scrolls of immolation
 K - 2 scrolls of blinking
 Q - 2 scrolls of amnesia
 U - 6 scrolls of teleportation
Potions
 h - 6 potions of curing
 k - 3 potions of flight
 l - a potion of resistance
 n - a potion of ambrosia
 r - 3 potions of magic
 u - 3 potions of cancellation
 w - 2 potions of invisibility
 y - 2 potions of might
 B - 3 potions of agility
 J - 4 potions of heal wounds
 L - 2 potions of berserk rage
 S - a potion of haste
Miscellaneous
 v - a box of beasts
Comestibles
 f - 40 rations


   Skills:
 - Level 8.4(13.4) Fighting
 + Level 19.2(24.2) Long Blades
 - Level 1.7(6.7) Throwing
 - Level 8.8(13.8) Armour
 - Level 9.2(14.2) Dodging
   Level 5.9(10.9) Shields
 - Level 3.7 Spellcasting
 - Level 6.1 Invocations


You had 21 spell levels left.
You didn't know any spells.
Your spell library contained the following spells:

 Spells                   Type           Power        Failure   Level  Hunger
 Animate Skeleton         Necr           N/A          77%         1    ##.....
 Apportation              Tloc           #.....       77%         1    ##.....
 Confusing Touch          Hex            #.....       77%         1    ##.....
 Summon Small Mammal      Summ           #...         77%         1    ##.....
 Confuse                  Hex            #.......     98%         3    ####...
 Gell's Gravitas          Tloc           #.........   98%         3    ####...
 Petrify                  Tmut/Erth      #.......     100%        4    #####..
 Metabolic Englaciation   Hex/Ice        #.........   100%        5    ######.
 Yara's Violent Unravell  Hex/Tmut       #.........   100%        5    ######.


Dungeon Overview and Level Annotations

Branches:
Dungeon (15/15)            Temple (0/1) D:5            Lair (6/6) D:8
 Shoals (0/4) Lair:2       Spider (2/4) Lair:3        Slime (0/5) Lair:5
    Orc (2/2) D:11            Elf (0/3) Orc:2        Vaults (0/5) D:14
 Depths (0/5) D:15

Altars:
Ashenzari
Cheibriados
Fedhas
Hepliaklqana
Okawaru
Ru
Vehumet
Xom
Yredelemnul
Beogh

Shops:
Orc:2 [}[?

Annotations:
D:2 2 transporters
D:5 3 runed doors, Bwemp's ghost, novice DsWn; tstbtto's ghost, amateur MiFi
D:8 exclusion: statue
Spider:2 Agnes


Innate Abilities, Weirdness & Mutations

You have a pair of antennae on your head.
You are partially covered in slimy green scales. (AC +2)
A demonic guardian rushes to your aid.
When hurt, damage is shared between your health and your magic reserves.
You regenerate magic rapidly.


Message History

Your sixfirhy misses Agnes.
Your sixfirhy completely misses Agnes.
Your sixfirhy barely misses Agnes.
Your sixfirhy closely misses Agnes.
Your sixfirhy completely misses Agnes.
Your sixfirhy misses Agnes.
The hell hound bites your soul eater but does no damage.
Agnes hits you but does no damage.
Your soul eater hits the hell hound.
The jumping spider leaps!
The hell hound bites your soul eater but does no damage.
Agnes hits you but does no damage.
Your soul eater hits the hell hound!
The hell hound breathes flames at you. The blast of flame hits you!
Your soul eater barely misses the hell hound.
Agnes closely misses you.
You riposte.
You closely miss Agnes.
Agnes is heavily wounded.
Agnes hits you with a +0 lajatang of speed!
* * * LOW HITPOINT WARNING * * *
Your sixfirhy misses the hell hound.
Your sixfirhy completely misses the jumping spider.
Your soul eater closely misses the hell hound.
Agnes hits you with a +0 lajatang of speed!!
You die...

...#.....#..>.............
...............#^.....#...#
....#$#..[#.........##..#..
##........#....#.......#...
.....#.#...^^........#......
...........#<...#....#.....#
#.$....#...#...#...#........
..#........#...#.....#......
#.........s@............#...
........#3i....[........#
....#............>...
..#3.h..##.†#......
#.###.#†3#$...........
#..[........^.........
.......^.........#...#
.................#....
^...##..#?..#...## ...


You could see Agnes, a jumping spider, a hell hound, a friendly soul eater and 2
friendly sixfirhies.

Vanquished Creatures
  An orc warlord (Orc:2)
  A stone giant (Orc:2)
  2 entropy weavers
  A vault guard (D:14)
  2 hydras
  Fannar (Lair:3)
  An ice dragon (D:15)
  A death knight (D:14)
  3 centaur warriors
  11 two-headed ogres
  An ogre mage (D:15)
  A queen ant (Lair:3)
  3 death yaks (Lair:4)
  4 orc high priests (Orc:2)
  Urug (Lair:1)
  Nergalle (D:11)
  2 wizards
  3 orc knights (Orc:2)
  2 harpies (Lair:6)
  5 orb spiders
  2 necromancers (D:14)
  8 wolf spiders
  2 deep elf magi
  3 cyclopes
  2 ugly things
  3 orc sorcerers (Orc:2)
  3 manticores
  6 elephants
  8 black mambas
  Joseph (D:7)
  Maurice (D:11)
  A gargoyle (D:14)
  6 spiny frogs
  2 rime drakes
  An efreet (D:15)
  A freezing wraith (D:12)
  4 komodo dragons
  3 demonic crawlers
  2 trolls (Orc:2)
  A hornet (shapeshifter) (D:15)
  3 hornets (Lair:6)
  13 jumping spiders
  7 polar bears
  3 blink frogs (Lair:3)
  A wind drake (Lair:6)
  A meliai zombie (D:14)
  2 slime creatures (Lair:5)
  11 hippogriffs
  A centaur simulacrum (D:15)
  17 redbacks
  2 wyverns
  17 humans (D:14)
  5 tarantellas
  A vampire (D:13)
  31 yaks
  2 hungry ghosts
  A vampire mosquito (D:12)
  3 wargs (Orc:2)
  17 soldier ants
  16 water moccasins
  Duvessa (D:7)
  2 acid dragons
  5 porcupines
  2 sky beasts
  2 black bears
  45 orc warriors
  A hornet zombie (D:9)
  3 ice beasts
  2 necrophages
  5 wolves (Lair:3)
  24 ogres
  2 phantoms
  10 centaurs
  22 crocodiles
  2 big kobolds (D:8)
  21 bullfrogs
  Dowan (D:7)
  A wyvern skeleton (D:11)
  A water moccasin skeleton (D:9)
  2 scorpions (D:8)
  10 wights
  9 electric eels (D:11)
  A howler monkey (D:7)
  4 crimson imps
  2 quasits
  32 orc priests
  A gnoll shaman (Orc:2)
  5 hounds
  4 jellies
  32 orc wizards
  4 centaur skeletons
  17 worker ants
  9 iguanas
  A hound skeleton (D:5)
  A howler monkey zombie (D:11)
  A worker ant zombie (D:6)
  2 gnolls (D:8)
  4 adders
  A shadow imp (D:8)
  2 oozes
  2 worms
  4 dart slugs
  3 leopard geckos
  99 orcs
  2 giant cockroaches
  5 goblins
  4 hobgoblins
  5 jackals
  3 quokkas
  A ball python (D:2)
  8 bats
  2 frilled lizards (D:2)
  A jackal skeleton (D:5)
  9 kobolds
  A quokka zombie (D:9)
  4 rats
710 creatures vanquished.

Vanquished Creatures (collateral kills)
  An orc warlord (Orc:2)
  An ice dragon (D:15)
  A merfolk avatar (Lair:6)
  Erolcha (D:11)
  3 hydras
  3 death yaks (Lair:4)
  A two-headed ogre (D:12)
  A wizard (D:14)
  A necromancer (D:14)
  A harpy (D:12)
  2 wolf spiders (Spider:2)
  Pikel (D:6)
  An orb spider (Spider:2)
  5 ugly things
  2 elephants (Lair:6)
  2 manticores
  3 spiny frogs
  Psyche (D:9)
  A centaur skeleton (D:9)
  A demonic crawler (Spider:2)
  A redback zombie (D:15)
  A jumping spider (Spider:1)
  A polar bear (Lair:6)
  3 hippogriffs
  Sigmund (D:2)
  2 redbacks (Spider:2)
  A tarantella (Spider:2)
  A basilisk (Lair:2)
  14 yaks
  2 humans (D:14)
  A soldier ant (Lair:4)
  A water moccasin (Lair:4)
  5 orc warriors
  A sky beast (D:7)
  An ice beast (D:11)
  A wolf (Lair:3)
  4 centaurs
  A crocodile (Lair:3)
  5 bullfrogs
  A big kobold (D:12)
  A wyvern skeleton (D:11)
  2 scorpions
  A wight (D:11)
  2 howler monkeys
  2 hounds
  2 orc priests
  An iguana (D:11)
  5 orc wizards
  A worker ant (D:4)
  A worker ant zombie (D:11)
  An adder (D:6)
  A leopard gecko (D:7)
  16 orcs
  A kobold (D:8)
118 creatures vanquished.

Vanquished Creatures (others)
  A centaur (D:6)
  A centaur skeleton (D:6)
  4 bushes (D:8)
  24 fungi
  44 plants
  3 withered plants (D:5)
77 creatures vanquished.

Grand Total: 905 creatures vanquished

Notes
Turn   | Place    | Note
-------+----------+-------------------------------------------
     0 | D:1      | ohad the Demonspawn Gladiator began the quest for the Orb.
     0 | D:1      | Reached XP level 1. HP: 16/16 MP: 1/1
   118 | D:1      | Reached skill level 3 in Long Blades
   123 | D:1      | Gained mutation: When hurt, damage is shared between your
                  | health and your magic reserves. [demonic ancestry]
   123 | D:1      | Reached XP level 2. HP: 12/22 MP: 2/2
   595 | D:1      | Gained mutation: A weak demonic guardian rushes to your
                  | aid. [demonic ancestry]
   595 | D:1      | Reached XP level 3. HP: 27/27 MP: 3/3
   948 | D:2      | Found a transporter.
   951 | D:2      | Found a basalt altar of Yredelemnul.
   951 | D:2      | Noticed a killer bee
   952 | D:2      | Found a transporter.
   953 | D:2      | Found a shimmering altar of Xom.
  1082 | D:2      | Reached skill level 4 in Long Blades
  1517 | D:2      | Noticed Sigmund
  1545 | D:2      | Killed Sigmund
  1545 | D:2      | Reached skill level 5 in Long Blades
  1545 | D:2      | Reached XP level 4. HP: 16/33 MP: 1/4
  1765 | D:2      | Found a shattered altar of Ashenzari.
  1766 | D:2      | Found a snail-covered altar of Cheibriados.
  1771 | D:2      | Gained mutation: You are partially covered in slimy green
                  | scales. (AC +2) [demonic ancestry]
  1771 | D:2      | Reached XP level 5. HP: 38/38 MP: 5/5
  1778 | D:2      | Found an iron altar of Okawaru.
  1786 | D:2      | Became a worshipper of Warmaster Okawaru
  2381 | D:4      | Noticed an ogre
  2385 | D:4      | Killed an ogre
  2385 | D:4      | Reached skill level 6 in Long Blades
  2385 | D:4      | Reached XP level 6. HP: 44/44 MP: 6/6
  3057 | D:5      | Entered Level 5 of the Dungeon
  3092 | D:5      | Reached * piety under Okawaru
  3092 | D:5      | Reached skill level 7 in Long Blades
  3267 | D:5      | Reached skill level 1 in Invocations
  3334 | D:5      | Reached XP level 7. HP: 41/50 MP: 5/8
  3376 | D:5      | Found a runed gate.
  3377 | D:5      | Found a runed gate.
  3378 | D:5      | Found a runed gate.
  3381 | D:5      | Noticed tstbtto's ghost (amateur MiFi)
  3386 | D:5      | Noticed Bwemp's ghost (novice DsWn)
  3679 | D:5      | Found a staircase to the Ecumenical Temple.
  4326 | D:6      | Found a hazy altar of Hepliaklqana.
  4450 | D:6      | Noticed Pikel
  4463 | D:6      | Killed Pikel
  4463 | D:6      | Reached ** piety under Okawaru
  4463 | D:6      | Reached skill level 8 in Long Blades
  4675 | D:6      | Reached XP level 8. HP: 52/56 MP: 6/10
  4866 | D:6      | Reached skill level 9 in Long Blades
  4880 | D:6      | Got a warped lapis lazuli ring
  4881 | D:6      | Identified the ring of Xom's Ringing Laughter {*Corrode
                  | MP+9 Slay+3 Stlth+} (You found it on level 6 of the
                  | Dungeon)
  4970 | D:7      | Noticed Dowan
  4971 | D:7      | Noticed Duvessa
  4982 | D:7      | Killed Duvessa
  4987 | D:7      | Killed Dowan
  5058 | D:7      | Noticed a hippogriff
  5066 | D:7      | Killed a hippogriff
  5066 | D:7      | Reached *** piety under Okawaru
  5096 | D:7      | Reached skill level 1 in Armour
  5676 | D:7      | Gained mutation: You have a pair of small antennae on your
                  | head. [demonic ancestry]
  5676 | D:7      | Reached XP level 9. HP: 56/61 MP: 11/11
  5909 | D:7      | Reached skill level 5 in Armour
  6006 | D:8      | Reached **** piety under Okawaru
  6369 | D:8      | Reached skill level 10 in Long Blades
  6446 | D:8      | Noticed Joseph
  6469 | D:7      | Killed Joseph
  6844 | D:8      | Reached skill level 11 in Long Blades
  6940 | D:8      | Found a staircase to the Lair.
  7018 | D:7      | Reached ***** piety under Okawaru
  7018 | D:7      | Gained mutation: A demonic guardian rushes to your aid.
                  | [demonic ancestry]
  7018 | D:7      | Reached XP level 10. HP: 47/67 MP: 12/12
  7346 | D:8      | Found a radiant altar of Vehumet.
  7710 | D:9      | Noticed Psyche
  7718 | D:9      | Killed Psyche
  7718 | D:9      | Reached skill level 12 in Long Blades
  8509 | D:10     | Entered Level 10 of the Dungeon
  8530 | D:10     | Noticed a two-headed ogre
  8671 | D:10     | Received a gift from Okawaru
  8700 | D:10     | Killed a two-headed ogre
  8888 | D:10     | Reached skill level 5 in Fighting
  8941 | D:10     | Found a blossoming altar of Fedhas.
  9774 | D:11     | Gained mutation: You regenerate magic rapidly. [demonic
                  | ancestry]
  9774 | D:11     | Reached XP level 11. HP: 57/82 MP: 13/13
 10209 | D:11     | Noticed an eight-headed hydra
 10215 | D:11     | Killed an eight-headed hydra
 10223 | D:11     | Noticed Maurice
 10234 | D:11     | Killed Maurice
 10264 | D:11     | Noticed Erolcha
 10267 | D:11     | Killed Erolcha
 10291 | D:11     | Noticed a red ugly thing
 10579 | D:11     | Noticed Nergalle
 10612 | D:11     | Killed Nergalle
 10632 | D:11     | HP: 4/86 [poisoned by Nergalle]
 10638 | D:11     | HP: 4/86 [poisoned by Nergalle]
 10646 | D:11     | HP: 4/86 [poisoned by Nergalle]
 11275 | D:11     | Found a staircase to the Orcish Mines.
 11776 | D:11     | Killed a red ugly thing
 11776 | D:11     | Received a gift from Okawaru
 12044 | D:11     | Reached skill level 1 in Shields
 12907 | D:12     | Noticed a seven-headed hydra
 12915 | D:12     | Killed a seven-headed hydra
 12927 | D:12     | Noticed a harpy
 12930 | D:12     | Noticed a deep elf mage
 12932 | D:12     | Killed a harpy
 12940 | D:12     | Killed a deep elf mage
 12972 | D:12     | Noticed a two-headed ogre
 12975 | D:12     | Killed a two-headed ogre
 12975 | D:12     | Reached skill level 5 in Shields
 12976 | D:12     | Noticed a two-headed ogre
 12983 | D:12     | Killed a two-headed ogre
 13204 | D:12     | Noticed a two-headed ogre
 13204 | D:12     | Noticed a green ugly thing
 13217 | D:12     | Reached skill level 5 in Dodging
 13219 | D:12     | Killed a green ugly thing
 13226 | D:12     | Killed a two-headed ogre
 13445 | Lair:1   | Entered Level 1 of the Lair of Beasts
 13656 | Lair:1   | Noticed Urug
 13669 | Lair:1   | Killed Urug
 13669 | Lair:1   | Reached XP level 12. HP: 80/94 MP: 14/14
 14831 | Lair:2   | Found a staircase to the Shoals.
 14835 | Lair:2   | Received a gift from Okawaru
 15379 | Lair:3   | Noticed Fannar
 15409 | Lair:3   | Killed Fannar
 15836 | Lair:3   | Found a hole to the Spider Nest.
 16272 | Lair:4   | Reached ****** piety under Okawaru
 16319 | Lair:4   | Received a gift from Okawaru
 16387 | Lair:4   | Upgraded the game from 0.23-a0-756-g517b432 to
                  | 0.23-a0-767-gdc19b93
 16477 | Lair:4   | Reached skill level 1 in Spellcasting
 16753 | Lair:4   | Noticed a death yak
 16753 | Lair:4   | Noticed a death yak
 16767 | Lair:4   | Noticed a death yak
 16768 | Lair:4   | Killed a death yak
 16771 | Lair:4   | Noticed a death yak
 16776 | Lair:4   | Killed a death yak
 16780 | Lair:4   | Noticed a death yak
 16786 | Lair:4   | Killed a death yak
 16786 | Lair:4   | Gained mutation: You have a pair of antennae on your head.
                  | [demonic ancestry]
 16786 | Lair:4   | Reached XP level 13. HP: 72/99 MP: 13/18
 16807 | Lair:4   | Reached skill level 5 in Invocations
 17130 | Lair:4   | Received a gift from Okawaru
 17131 | Lair:4   | Noticed an entropy weaver
 17295 | Lair:3   | Killed an entropy weaver
 17396 | Lair:4   | Noticed an entropy weaver
 17423 | Lair:4   | Killed an entropy weaver
 17423 | Lair:4   | Reached skill level 13 in Long Blades
 17768 | Lair:4   | Got a pitted triple sword {god gift}
 17860 | Lair:4   | Identified the +6 triple sword of Archud {freeze, rC+ Int-2
                  | Dex+5} (Okawaru gifted it to you on level 4 of the Lair of
                  | Beasts)
 18074 | Lair:5   | Found a staircase to the Slime Pits.
 18078 | Lair:5   | Received a gift from Okawaru
 18100 | Lair:5   | Got a pair of steaming boots {god gift}
 18112 | Lair:5   | Identified the +0 pair of boots "Fanun" {+Inv rPois Str+4}
                  | (Okawaru gifted it to you on level 5 of the Lair of Beasts)
 18455 | Lair:5   | Got a pair of twisted gloves
 18466 | Lair:5   | Identified the cursed +0 pair of gloves of Siradur {Stlth+}
                  | (You found it on level 5 of the Lair of Beasts)
 19066 | Lair:5   | Reached skill level 14 in Long Blades
 19345 | Lair:6   | Entered Level 6 of the Lair of Beasts
 19555 | Lair:6   | Identified a scroll of acquirement
 19822 | Lair:6   | Received a gift from Okawaru
 19847 | Lair:6   | Reached skill level 15 in Long Blades
 19872 | Lair:6   | Reached XP level 14. HP: 78/106 MP: 19/19
 19874 | Lair:6   | Received a gift from Okawaru
 20052 | Lair:6   | Received a gift from Okawaru
 20070 | Lair:6   | Got a shimmering plate armour {god gift}
 20081 | Lair:6   | Identified the +10 plate armour "Sajatz" {Str+5 Slay-2}
                  | (Okawaru gifted it to you on level 6 of the Lair of Beasts)
 21987 | D:14     | Reached skill level 16 in Long Blades
 22342 | D:14     | Paralysed by a wizard for 7 turns
 22478 | D:14     | Found a gate to the Vaults.
 22737 | D:15     | Entered Level 15 of the Dungeon
 22774 | D:15     | Received a gift from Okawaru
 23153 | D:15     | Found a sacrificial altar of Ru.
 23229 | D:15     | Reached skill level 17 in Long Blades
 23425 | D:15     | Found a staircase to the Depths.
 23641 | D:15     | Received a gift from Okawaru
 23821 | Orc:1    | Entered Level 1 of the Orcish Mines
 24198 | Orc:2    | Entered Level 2 of the Orcish Mines
 24230 | Orc:2    | Noticed a stone giant
 24239 | Orc:2    | Killed a stone giant
 24448 | Orc:2    | Found a roughly hewn altar of Beogh.
 24498 | Orc:2    | Reached XP level 15. HP: 106/112 MP: 20/20
 24547 | Orc:2    | Found Atazoxyach's Antique Armour Boutique.
 24569 | Orc:2    | Found Kioruyc's Gadget Shop.
 24710 | Orc:2    | Noticed an orc warlord
 24727 | Orc:2    | Killed an orc warlord
 25029 | Orc:2    | Reached skill level 18 in Long Blades
 25321 | Orc:2    | Noticed an orc warlord
 25326 | Orc:2    | Found a roughly hewn altar of Beogh.
 25334 | Orc:2    | Killed an orc warlord
 25345 | Orc:2    | Received a gift from Okawaru
 25627 | Orc:2    | Found Paholo's Magic Scroll Boutique.
 25711 | Orc:2    | Found Begaq's Antique Armour Shoppe.
 25730 | Orc:2    | Bought an encrusted chain mail for 218 gold pieces
 25740 | Orc:2    | Identified the +7 chain mail of the Hanged Man {Str+5
                  | Slay+2} (You bought it in a shop on level 2 of the Orcish
                  | Mines)
 26018 | Orc:2    | Found a staircase to the Elven Halls.
 26403 | Spider:1 | Entered Level 1 of the Spider Nest
 26420 | Spider:1 | Received a gift from Okawaru
 27992 | Spider:2 | Reached skill level 19 in Long Blades
 28377 | Spider:2 | Noticed Agnes
 28396 | Spider:2 | Slain by Agnes

Vault maps used:
D:1:      dpeg_arrival_three_same_balls, st_stairs_12
D:2:      minitemple, gammafunk_temple_overflow_arena, first_ration,
          uniq_sigmund
D:5:      minmay_temple_entry_from_below_b, gammafunk_ghost_cemetery
D:6:      basic_altar, uniq_pikel
D:7:      uniq_duvessa
D:8:      vehumet_statue, minmay_lair_entry_grove, blue_anna_alchemist,
          uniq_joseph
D:9:      uniq_psyche
D:10:     basic_altar
D:11:     erik_orc_2, uniq_nergalle, uniq_erolcha, uniq_maurice
D:12:     minmay_shattered_shrine
D:13:     chequers_serial_rivers_micro_c, lightli_corner_chamber
D:14:     grunt_vaults_entry_tiered, minmay_tree_intersection,
          minmay_misc_feat_encased
D:15:     grunt_enter_depths_hoard, nicolae_ru_sacrificial_ziggurat
Lair:1:   chequers_serial_rivers_micro_a, hibernation_bobbens,
          infiniplex_staircase_pool_2, uniq_urug
Lair:2:   minmay_shoals_entry_beasts
Lair:3:   nicolae_spider_entry_orb_guardian, uniq_fannar
Lair:4:   zaba_antful_of_joy
Lair:5:   minmay_slime_entry_pillars
Lair:6:   gammafunk_lair_ancient_temple, serial_bayou_shore_b
Spider:2: nicolae_spider_mines_3, uniq_azrael, uniq_agnes
Orc:2:    pubby_orc_utopia

Skill      XL: |  1  2  3  4  5  6  7  8  9 10 11 12 13 14 15 |
---------------+----------------------------------------------+-----
Long Blades    | 3 5 6 7 8 9 11 12 15 17 19 | 19.2
Invocations    | 2 3 6 |  6.1
Armour         | 4 6 8 |  8.8
Dodging        | 3 6 9 |  9.2
Fighting       | 6 8 |  8.4
Shields        | 5 |  5.9
Spellcasting   | 3 |  3.7
Throwing       | |  1.7

Action                   |  1- 3 |  4- 6 |  7- 9 | 10-12 | 13-15 || total
-------------------------+-------+-------+-------+-------+-------++-------
Melee: Short sword       |    21 |       |       |       |       ||    21
       Long sword        |    78 |   100 |   141 |   757 |   232 ||  1308
       Scimitar          |       |       |   174 |   199 |     4 ||   377
       Punch             |       |       |     2 |     6 |       ||     8
       Triple sword      |       |       |       |       |   854 ||   854
Throw: Throwing net      |     3 |     1 |     1 |       |     2 ||     7
       Javelin           |       |       |     2 |     7 |     2 ||    11
       Tomahawk          |       |       |       |     2 |       ||     2
Invok: Heroism           |       |       |     6 |    17 |    13 ||    36
Evoke: Wand              |       |       |       |       |     4 ||     4
  Use: Scroll            |       |       |       |    20 |    13 ||    33
       Potion            |       |       |       |     4 |     2 ||     6
 Stab: Sleeping          |     1 |       |       |       |       ||     1
       Held in net/web   |       |     1 |       |       |     1 ||     2
       Distracted        |       |       |     3 |     8 |     6 ||    17
  Eat: Chunk             |     5 |    14 |    12 |    46 |    46 ||   123
Armor: Leather armour    |     6 |       |       |       |       ||     6
       Ring mail         |    38 |    42 |    37 |       |       ||   117
       Chain mail        |       |       |   112 |   347 |   136 ||   595
       Plate armour      |       |       |       |   104 |   619 ||   723
Dodge: Dodged            |    82 |    54 |   114 |   398 |   932 ||  1580
Block: Buckler           |       |       |       |   168 |    92 ||   260
       Rpst.: Long sword |    23 |    18 |    17 |    98 |    15 ||   171
       Scimitar          |       |       |    20 |    22 |     1 ||    43
       Triple sword      |       |       |       |       |   193 ||   193

Table legend:
 A = Non-vault XP
 B = Vault XP
 C = Vault XP percentage of total XP
 D = Non-vault monster count
 E = Vault monster count
 F = Vault count percentage of total count
                 A         B        C        D         E       F
            +---------+---------+-------+---------+---------+-------
      Total |   83667 |   56213 |  40.2 |     531 |     297 |  35.9
            +---------+---------+-------+---------+---------+-------
        D:1 |      39 |       3 |   7.1 |      19 |       2 |   9.5
        D:2 |      55 |     116 |  67.8 |      20 |       1 |   4.8
        D:3 |     107 |       0 |   0.0 |      10 |       0 |   0.0
        D:4 |     252 |       0 |   0.0 |       9 |       0 |   0.0
        D:5 |     207 |       0 |   0.0 |      11 |       0 |   0.0
        D:6 |     431 |     372 |  46.3 |      10 |       1 |   9.1
        D:7 |    1386 |    1003 |  42.0 |      26 |       5 |  16.1
        D:8 |    1306 |    1364 |  51.1 |      33 |      11 |  25.0
        D:9 |    1399 |     303 |  17.8 |      20 |       1 |   4.8
       D:10 |    1575 |     133 |   7.8 |      19 |       1 |   5.0
       D:11 |    3532 |    2183 |  38.2 |      52 |      23 |  30.7
       D:12 |    3699 |    3299 |  47.1 |      23 |      10 |  30.3
       D:13 |    3252 |       0 |   0.0 |      16 |       0 |   0.0
       D:14 |    5314 |    6998 |  56.8 |      21 |      25 |  54.3
       D:15 |   10885 |    1493 |  12.1 |      26 |       2 |   7.1
     Lair:1 |     638 |    1045 |  62.1 |       4 |       2 |  33.3
     Lair:2 |    3409 |     579 |  14.5 |      21 |       2 |   8.7
     Lair:3 |    5142 |    3506 |  40.5 |      30 |       7 |  18.9
     Lair:4 |    7978 |    3891 |  32.8 |      26 |      27 |  50.9
     Lair:5 |    7184 |    2012 |  21.9 |      27 |       9 |  25.0
     Lair:6 |    5871 |    7512 |  56.1 |      23 |      23 |  50.0
   Spider:1 |    7336 |       0 |   0.0 |      20 |       0 |   0.0
   Spider:2 |   11241 |       0 |   0.0 |      38 |       0 |   0.0
      Orc:1 |    1429 |       0 |   0.0 |      27 |       0 |   0.0
      Orc:2 |       0 |   20401 | 100.0 |       0 |     145 | 100.0
            +---------+---------+-------+---------+---------+-------
